 Dungeon Crawl Stone Soup version 0.31.0-32-g396128a36d (webtiles) character file.

Game seed: 3925977563170109328

1510 Uridium100 the Basher (level 8, -3/70 HPs)
             Began as a Minotaur Fighter on Mar 23, 2024.
             Was a Priest of Zin.
             Slain by an ogre
             ... wielding a +0 giant club
              (13 damage)
             ... on level 6 of the Dungeon.
             The game lasted 00:37:02 (4410 turns).

Uridium100 the Basher (Minotaur Fighter)            Turns: 4410, Time: 00:37:03

Health: -3/70      AC: 18    Str: 23    XL:     8   Next: 53%
Magic:  7/7        EV: 12    Int:  5    God:    Zin [***...]
Gold:   265        SH:  5    Dex: 10    Spells: 7/7 levels left

rFire   . . .        a - +0 flail
rCold   . . .        c - +0 buckler
rNeg    . . .        z - +0 plate armour
rPois   .            (helmet restricted)
rElec   .            w - +0 cloak
rCorr   +            k - +2 pair of gloves
SInv    .            (no boots)
Will    .....        (no amulet) Stlth
                     y - +5 ring of evasion
HPRegen 0.31/turn    C - ring of resist corrosion
MPRegen 0.10/turn

%: no passive effects
@: no status effects
A: horns 2, retaliatory headbutt
a: Renounce Religion, Recite, Vitalisation, Imprison, Donate Gold


You were on level 6 of the Dungeon.
You worshipped Zin.
Zin was most pleased with you.
You visited 1 branch of the dungeon, and saw 6 of its levels.

You collected 318 gold pieces.
You spent 24 gold pieces at shops.
You donated 29 gold pieces to Zin.

Inventory:

Hand Weapons
 a - a +0 flail (weapon)
 G - a +0 dire flail of protection
Missiles
 s - 10 poisoned darts (quivered)
Armour
 b - a +0 scale mail
 c - a +0 buckler (worn)
 h - a +0 helmet
 k - a +2 pair of gloves (worn)
 w - a +0 cloak (worn)
 z - a +0 plate armour (worn)
Jewellery
 y - a +5 ring of evasion (left hand)
 C - a ring of resist corrosion (right hand)
 D - a ring of fire
 F - an amulet of guardian spirit
Talismans
 x - a maw talisman
 B - a beast talisman
Wands
 r - a wand of acid (18)
 A - a wand of charming (6)
Scrolls
 e - 3 scrolls of teleportation {unknown}
 g - 3 scrolls of immolation
 i - a scroll of blinking {unknown}
 l - a scroll of brand weapon {unknown}
 o - a scroll of silence {unknown}
 p - 3 scrolls of fear {unknown}
 q - a scroll of poison {unknown}
 v - 2 scrolls of revelation {unknown}
 H - a scroll of identify
Potions
 d - a potion of might
 f - a potion of invisibility {unknown}
 j - a potion of brilliance {unknown}
 m - 3 potions of attraction
 n - 2 potions of heal wounds
 t - a potion of enlightenment {unknown}
 u - 3 potions of curing {unknown}
 E - a potion of berserk rage {unknown}


   Skills:
 + Level 6.0 Fighting
 + Level 8.2 Maces & Flails
 + Level 1.1 Throwing
 + Level 7.6 Armour
 + Level 2.1 Dodging
 + Level 0.7 Stealth
 + Level 5.8 Shields


You had 7 spell levels left.
You didn't know any spells.
Your spell library contained the following spells:

 Spells                   Type           Power      Damage    Failure   Level
 Foxfire                  Conj/Fire      0%         2x1d4     100%        1
 Freeze                   Ice            0%         1d3       100%        1
 Summon Small Mammal      Summ           0%         N/A       100%        1
 Ensorcelled Hibernation  Hex/Ice        0%         N/A       100%        2
 Call Canine Familiar     Summ           0%         N/A       100%        3
 Frozen Ramparts          Ice            0%         1d1       100%        3
 Fugue of the Fallen      Necr           0%         N/A       100%        3
 Hailstorm                Conj/Ice       0%         3d5       100%        3
 Tukima's Dance           Hex            0%         N/A       100%        3
 Anguish                  Hex/Necr       0%         N/A       100%        4
 Passage of Golubria      Tloc           0%         N/A       100%        4
 Summon Blazeheart Golem  Fire/Summ      0%         N/A       100%        4
 Yara's Violent Unravell  Hex/Alch       0%         3d3       100%        5
 Plasma Beam              Fire/Air       0%         2x1d10    100%        6
 Starburst                Conj/Fire      0%         6d3       100%        6


Dungeon Overview and Level Annotations

Branches:
Dungeon (6/15)             Temple (0/1) D:4

Altars:
Ashenzari
Cheibriados
Fedhas
Gozag
Makhleb
Vehumet
Yredelemnul
Zin

Shops:
D:2 :*

Annotations:
D:5 exclusion: oklob plant
D:6 2 transporters


Innate Abilities, Weirdness & Mutations

You have a pair of horns on your head.
You reflexively headbutt those who attack you in melee.


Message History

You sock the hound!
You kill the hound!
You pay a tithe of 1 gold.
You now have 265 gold pieces (gained 9).
Found a radiant altar of Vehumet.
Found a dagger.
Found a broken altar of Ashenzari.
Found 3 poisoned darts.
s - 13 poisoned darts (gained 3)
There is a broken altar of Ashenzari here.
A cyclops comes into view.
The cyclops shouts!
The cyclops throws a large rock.
The large rock hits you!!
You throw a poisoned dart. The poisoned dart hits the cyclops.
An ogre comes into view. It is wielding a +0 giant club.
You throw a poisoned dart. The poisoned dart hits the cyclops.
You throw a poisoned dart. The poisoned dart hits the cyclops.
The cyclops hits you but does no damage.
You sock the cyclops!
The cyclops is lightly wounded.
You sock the cyclops!
The cyclops is moderately wounded.
The cyclops hits you!
You hit the cyclops. You headbutt the cyclops!
The cyclops is heavily wounded.
The cyclops hits you!
You sock the cyclops!
The cyclops is severely wounded.
The cyclops hits you!
* * * LOW HITPOINT WARNING * * *
You thump the cyclops! Your headbutt misses the cyclops.
The cyclops is almost dead.
The ogre hits you with a +0 giant club! Zin protects you from harm!
You barely miss the cyclops.
The cyclops is almost dead.
You block the cyclops's attack.
You hit the cyclops but do no damage. You headbutt the cyclops!
You kill the cyclops!
The ogre hits you with a +0 giant club!
You die...

........###.# ...# ........#
#.# ...## ........# #.# ....#
# ........# #.# ...# .#
#.<.....# #.# ..##.#
#.......# #.#####..#©.#
...†....###........##
####.....####...O...#
#.....####.#.@...#
#..........#.(..##
#.....####...(..# #.....#
#.##(..## . #######
#.......#### ########
####>.....©# ##... .......#
### #........##....
##.###.####.####.............
.....#.....(.>...............


You could see an ogre.

Vanquished Creatures
  A cyclops (D:6)
  Sigmund (D:4)
  2 steam dragons
  Edmund (D:6)
  A centaur (D:4)
  A phantom (D:5)
  2 bullfrogs (D:6)
  2 scorpions
  A howler monkey (D:6)
  A bombardier beetle (D:5)
  3 hounds
  A jelly (D:4)
  2 orc priests (D:5)
  2 gnoll boudas
  An orc wizard (D:6)
  3 iguanas
  4 gnolls (D:4)
  5 adders
  2 ribbon worms (D:2)
  2 dart slugs (D:4)
  7 orcs
  7 ball pythons
  5 bats
  7 endoplasms
  2 giant cockroaches
  7 goblins
  8 hobgoblins
  12 jackals
  4 quokkas
  4 frilled lizards
  7 kobolds
  5 rats (D:1)
113 creatures vanquished.

Vanquished Creatures (others)
  An iguana (D:5)
1 creature vanquished.

Grand Total: 114 creatures vanquished

Notes
Turn   | Place    | Note
-------+----------+-------------------------------------------
     0 | D:1      | Uridium100 the Minotaur Fighter began the quest for the
                  | Orb.
     0 | D:1      | Reached XP level 1. HP: 19/19 MP: 0/0
   142 | D:1      | Reached XP level 2. HP: 27/27 MP: 1/1
   788 | D:1      | Reached XP level 3. HP: 30/33 MP: 2/2
   875 | D:2      | Reached skill level 3 in Maces & Flails
   986 | D:2      | Found Qinez's Vocational Training.
  1214 | D:2      | Found Asizyi's General Store.
  1219 | D:2      | Bought a scroll of identify for 24 gold pieces
  1643 | D:2      | Identified the +2 dagger of Valuable Assets {flame, Stlth+}
  1843 | D:3      | Reached XP level 4. HP: 40/40 MP: 3/3
  1912 | D:3      | Found a basalt altar of Yredelemnul.
  2332 | D:3      | Found a faded altar of an unknown god.
  2335 | D:3      | Prayed at the altar of an unknown god.
  2335 | D:3      | Became a worshipper of Zin the Law-Giver
  2335 | D:3      | Reached * piety under Zin
  2335 | D:3      | Reached ** piety under Zin
  2629 | D:4      | Noticed a scorpion
  2641 | D:4      | Killed a scorpion
  2642 | D:4      | Reached skill level 1 in Dodging
  2642 | D:4      | Reached XP level 5. HP: 33/46 MP: 4/4
  2643 | D:4      | Reached skill level 4 in Maces & Flails
  2759 | D:4      | Reached skill level 5 in Armour
  2784 | D:4      | Noticed Sigmund
  2828 | D:4      | Killed Sigmund
  2829 | D:4      | Reached skill level 5 in Maces & Flails
  2829 | D:4      | Reached XP level 6. HP: 35/55 MP: 5/5
  2950 | D:4      | Reached *** piety under Zin
  3096 | D:4      | Found a staircase to the Ecumenical Temple.
  3121 | D:4      | Reached skill level 5 in Fighting
  3234 | D:4      | Reached skill level 6 in Maces & Flails
  3234 | D:4      | Reached XP level 7. HP: 51/61 MP: 6/6
  3489 | D:5      | Entered Level 5 of the Dungeon
  3489 | D:5      | Noticed a steam dragon
  3502 | D:5      | Killed a steam dragon
  3504 | D:5      | Reached skill level 1 in Throwing
  3665 | D:5      | Reached skill level 7 in Maces & Flails
  3871 | D:5      | Found a blossoming altar of Fedhas.
  3883 | D:5      | Noticed an oklob plant
  4048 | D:5      | Reached skill level 5 in Shields
  4048 | D:5      | Reached XP level 8. HP: 60/70 MP: 7/7
  4101 | D:6      | Found a transporter.
  4148 | D:6      | Noticed Edmund
  4173 | D:6      | Reached skill level 8 in Maces & Flails
  4186 | D:6      | Killed Edmund
  4343 | D:6      | Found a transporter.
  4354 | D:6      | Found a snail-covered altar of Cheibriados.
  4355 | D:6      | Found a burning altar of Makhleb.
  4356 | D:6      | Found an opulent altar of Gozag.
  4364 | D:6      | Found a radiant altar of Vehumet.
  4365 | D:6      | Found a broken altar of Ashenzari.
  4396 | D:6      | Noticed a cyclops
  4408 | D:6      | Zin protects you from harm!
  4410 | D:6      | Killed a cyclops
  4410 | D:6      | Slain by an ogre

Illustrated notes

Levels and vault maps discovered:
D:1:      elethiomel_arrival_maze, layout_basic, minmay_vboxes
D:2:      layout_loops_ring, serial_shops, shop, nicolae_shop_vocational
D:3:      layout_loops_ring, yredelemnul_altar_generic,
          hellmonk_ecumenical_altar_inner_sanctum, kennysheep_cluttered_room
D:4:      layout_basic, minmay_temple_entry_mist, uniq_sigmund
D:5:      layout_basic, tgw_fedhas, chequers_decorated_corner, st_stairs_10
D:6:      layout_loops_cross, tso_altar, lemuel_doored_altar,
          grunt_temple_overflow_open, gammafunk_ghost_abyssal_escape,
          minmay_chambers_of_fives, uniq_edmund

Skill      XL: |  1  2  3  4  5  6  7  8 |
---------------+-------------------------+-----
Armour         | 4 5 6 7 |  7.6
Shields        | 4 5 |  5.8
Fighting       | 4 5 6 |  6.0
Maces & Flails | 3 5 6 7 8 |  8.2
Dodging        | 1 2 |  2.1
Throwing       | 1 |  1.1
Stealth        | |  0.7

Action                     |  1- 3 |  4- 6 |  7- 9 || total
---------------------------+-------+-------+-------++-------
  Melee: Flail             |   101 |    77 |   125 ||   303
         Headbutt          |     9 |    14 |    21 ||    44
  Throw: Dart              |       |     4 |     3 ||     7
    Use: Scroll            |     2 |     1 |       ||     3
 Armour: Scale mail        |    63 |    35 |       ||    98
         Plate armour      |       |    26 |   114 ||   140
  Dodge: Dodged            |    32 |    65 |    73 ||   170
  Block: Buckler           |    31 |    19 |    31 ||    81
